 Dungeon Crawl Stone Soup version 0.29.0-11-gd7f09526c8 (webtiles) character file.

Game seed: 12864336620972728485

1364 RascalDebosk the Covered (level 8, -7/70 HPs)
             Began as a Minotaur Fighter on Sept 3, 2022.
             Was an Initiate of Gozag.
             Mangled by xian's ghost (12 damage)
             ... on level 5 of the Dungeon.
             The game lasted 00:34:52 (5320 turns).

RascalDebosk the Covered (Minotaur Fighter)         Turns: 5320, Time: 00:34:54

Health: -7/70      AC: 14    Str: 23    XL:     8   Next: 38%
Magic:  9/9        EV:  6    Int:  3    God:    Gozag
Gold:   424        SH:  5    Dex:  8    Spells: 7/7 levels left

rFire   . . .      SeeInvis .   a - +6 trident
rCold   . . .      Faith    .   c - +0 buckler
rNeg    . . .      Spirit   .   i - +0 plate armour
rPois   .          Reflect  .   (helmet restricted)
rElec   .          Harm     .   p - +0 cloak
rCorr   .          Rampage  .   (no gloves)
Will    +....                   (no boots)
Stlth   ..........              (no amulet)
HPRegen 0.21/turn               b - ring of willpower
MPRegen 0.11/turn               (no ring)

@: mighty, unable to read
A: horns 2, retaliatory headbutt, clumsy 1, dopey 1, inability to read after
injury 1, MP-powered wands
a: Renounce Religion, Potion Petition, Call Merchant, Bribe Branch


You were on level 5 of the Dungeon.
You worshipped Gozag.
Gozag was aware of your devotion.
You visited 1 branch of the dungeon, and saw 5 of its levels.

You collected 484 gold pieces.
You paid 60 gold pieces to Gozag.

Inventory:

Hand Weapons
 a - a +6 trident (weapon)
Armour
 c - a +0 buckler (worn)
 i - a +0 plate armour (worn)
 p - a +0 cloak (worn)
Jewellery
 b - a ring of willpower (left hand)
Wands
 e - a wand of paralysis (4)
Scrolls
 h - a scroll of poison
 j - a scroll of blinking
 k - a scroll of immolation {unknown}
Potions
 d - a potion of might
 f - a potion of degeneration {unknown}
 g - a potion of flight
 l - a potion of ambrosia {unknown}
 n - 2 potions of curing
 o - a potion of magic {unknown}
 q - 2 potions of haste


   Skills:
 + Level 6.0 Fighting
 + Level 5.4 Polearms
 + Level 3.8 Throwing
 + Level 6.1 Armour
 + Level 6.1 Shields
 + Level 3.7 Invocations
 * Level 1.8 Evocations


You had 7 spell levels left.
You didn't know any spells.
Your spell library contained the following spells:

 Spells                   Type           Power      Damage    Failure   Level
 Portal Projectile        Hex/Tloc       0%         N/A       100%        3
 Tukima's Dance           Hex            0%         N/A       100%        3
 Blade Hands              Tmut           0%         N/A       100%        5


Dungeon Overview and Level Annotations

Branches:
Dungeon (5/15)
 Temple: D:4-7

Altars:
Ashenzari
Cheibriados
Gozag
Nemelex Xobeh
Uskayaw
Vehumet
Wu Jian

Annotations:
D:5 1 runed translucent door, xian's ghost, novice TrCK


Innate Abilities, Weirdness & Mutations

You have a pair of horns on your head.
You reflexively headbutt those who attack you in melee.
You are clumsy. (Dex -2)
You are dopey. (Int -2)
You occasionally lose the ability to read scrolls when taking damage.
You expend magic power (3 MP) to strengthen your wands.


Message History

Xian's ghost is moderately damaged.
You block xian's ghost's attack.
You impale xian's ghost!! Your headbutt misses xian's ghost.
Xian's ghost is heavily damaged.
Xian's ghost hits you.
You completely miss xian's ghost.
Xian's ghost is heavily damaged.
Xian's ghost hits you but does no damage.
You barely miss xian's ghost. Your headbutt misses xian's ghost.
Xian's ghost is heavily damaged.
Xian's ghost hits you.
You are electrocuted!
You completely miss xian's ghost.
Xian's ghost is heavily damaged.
The ball python is distracted by your dazzling golden aura.
Xian's ghost hits you.
You are electrocuted!
* * * LOW HITPOINT WARNING * * *
You closely miss xian's ghost.
Xian's ghost is heavily damaged.
The ball python hisses angrily.
Xian's ghost hits you but does no damage.
You miss xian's ghost.
Xian's ghost is heavily damaged.
Xian's ghost hits you but does no damage.
You are electrocuted!
You feel threatened and lose the ability to read scrolls!
* * * LOW HITPOINT WARNING * * *
You miss xian's ghost. Your headbutt misses xian's ghost.
Xian's ghost is heavily damaged.
Xian's ghost hits you.
* * * LOW HITPOINT WARNING * * *
You puncture xian's ghost!
Xian's ghost is severely damaged.
Xian's ghost closely misses you.
You impale xian's ghost!!
Xian's ghost is almost destroyed.
The ball python is no longer distracted by gold.
Xian's ghost hits you but does no damage.
You are electrocuted!
You die...
Your body crumbles into a pile of gold.

#..# #.....# #..#
####### . #..# #.
#..# #..#..###
#......###
###..#...## #########
#..#.#..#
#.......#####...@.#.#
...####.......##W##
.. .####
##......#rSS# .#
###8#####.....#~r~#
.. #####
#≈≈_#...#.....#~~~# .
#....
≈≈..##........#~~~# #
#....
≈...####..###.#~$~#
### #. #.... §§._8#
##.# #.#~~~# ..# ..
#.... §§..####..#
#.#~~~###.# #.#####


You could see xian's ghost, an adder, a river rat, a quokka and a ball python.

Vanquished Creatures
  Grinder (D:5)
  Menkaure (D:4)
  A black bear (D:4)
  A sky beast (D:5)
  A phantom (D:4)
  A bullfrog (D:5)
  A gnoll sergeant (D:5)
  An orc priest (D:3)
  A gnoll bouda (D:5)
  3 hounds
  Ijyb (D:4)
  4 orc wizards
  7 gnolls (D:5)
  14 adders
  A white imp (D:5)
  An ufetubus (D:5)
  2 worms
  3 dart slugs
  11 orcs
  13 ball pythons
  4 bats
  10 endoplasms
  2 giant cockroaches
  6 goblins
  4 hobgoblins
  8 jackals
  10 kobolds
  A quokka (D:2)
  2 frilled lizards (D:2)
  10 rats
126 creatures vanquished.

Vanquished Creatures (collateral kills)
  Blork the orc (D:4)
1 creature vanquished.

Vanquished Creatures (others)
  14 fungi (D:3)
14 creatures vanquished.

Grand Total: 141 creatures vanquished

Notes
Turn   | Place    | Note
-------+----------+-------------------------------------------
     0 | D:1      | RascalDebosk the Minotaur Fighter began the quest for the
                  | Orb.
     0 | D:1      | Reached XP level 1. HP: 19/19 MP: 0/0
   287 | D:1      | Reached XP level 2. HP: 27/27 MP: 1/1
   856 | D:2      | Reached XP level 3. HP: 23/33 MP: 2/2
   860 | D:2      | Reached skill level 1 in Throwing
  1020 | D:2      | Found a faded altar of an unknown god.
  1026 | D:2      | Reached skill level 1 in Invocations
  1335 | D:2      | Identified the +6 sling "Doexuih" {vorpal, Int+3}
  1402 | D:2      | Reached XP level 4. HP: 35/40 MP: 3/3
  2080 | D:3      | Reached XP level 5. HP: 31/46 MP: 5/5
  2626 | D:3      | Found a radiant altar of Vehumet.
  3111 | D:4      | Gained mutation: You occasionally lose the ability to read
                  | scrolls when taking damage. [potion of mutation]
  3111 | D:4      | Gained mutation: You are dopey. (Int -2) [potion of
                  | mutation]
  3111 | D:4      | Gained mutation: You are clumsy. (Dex -2) [potion of
                  | mutation]
  3111 | D:4      | Gained mutation: You expend magic power (3 MP) to
                  | strengthen your wands. [potion of mutation]
  3134 | D:4      | Noticed Blork the orc
  3142 | D:4      | Killed Blork the orc
  3143 | D:4      | Reached XP level 6. HP: 53/53 MP: 6/6
  3155 | D:4      | Noticed Menkaure
  3189 | D:4      | Noticed Ijyb
  3199 | D:4      | Killed Ijyb
  3412 | D:4      | Reached skill level 5 in Armour
  3412 | D:4      | Reached skill level 5 in Shields
  3624 | D:4      | Reached skill level 5 in Fighting
  3624 | D:4      | Reached XP level 7. HP: 61/61 MP: 6/8
  3651 | D:4      | Killed Menkaure
  3673 | D:4      | Found an opulent altar of Gozag.
  3678 | D:4      | Became a worshipper of Gozag Ym Sagoz the Greedy
  3834 | D:4      | Found an ornate altar of the Wu Jian Council.
  4066 | D:4      | Found a sparkling altar of Nemelex Xobeh.
  4096 | D:5      | Entered Level 5 of the Dungeon
  4096 | D:5      | Found a runed translucent door.
  4099 | D:5      | Noticed xian's ghost (novice TrCK)
  4240 | D:5      | Found a broken altar of Ashenzari.
  4242 | D:5      | Found a hide-covered altar of Uskayaw.
  4242 | D:5      | Found a snail-covered altar of Cheibriados.
  4360 | D:5      | Noticed Grinder
  4382 | D:5      | Killed Grinder
  4383 | D:5      | Reached skill level 5 in Polearms
  4476 | D:5      | Reached XP level 8. HP: 45/70 MP: 9/9
  4490 | D:5      | Reached skill level 1 in Evocations
  5296 | D:5      | Found a runed translucent door.
  5320 | D:5      | Mangled by xian's ghost

Illustrated notes

Levels and vault maps discovered:
D:1:      giann_bridges, layout_basic, minmay_misc_feat_roman,
          minmay_misc_feat_cross
D:2:      layout_basic, shapermc_ecumenical_altar_venn, minmay_nonomino_d4
D:3:      layout_loops_cross, mainiacjoe_overflow_cross_hatched,
          chequers_serial_rivers_small_b, grunt_ministairs_1,
          minmay_misc_feat_hallway, nicolae_titane
D:4:      layout_cave_pools, mainiacjoe_overflow_24_doors,
          nemelex_dance_club_becter, nicolae_wu_jian_wuxing_cycle,
          uniq_menkaure, uniq_ijyb, uniq_blork_the_orc
D:5:      layout_basic, gammafunk_temple_overflow_claw, serial_shops, shop,
          ebering_ghost_sewer_f, lightli_minifort, uniq_grinder

Skill      XL: |  1  2  3  4  5  6  7  8 |
---------------+-------------------------+-----
Armour         | 4 5 6 |  6.1
Polearms       | 3 4 5 |  5.4
Throwing       | 1 2 3 |  3.8
Invocations    | 1 2 3 |  3.7
Fighting       | 4 5 6 |  6.0
Shields        | 4 5 6 |  6.1
Evocations     | 1 |  1.8

Action                   |  1- 3 |  4- 6 |  7- 9 || total
-------------------------+-------+-------+-------++-------
Melee: Trident           |    93 |   149 |   135 ||   377
       Headbutt          |     6 |    17 |    15 ||    38
Evoke: Wand              |       |       |     2 ||     2
  Use: Scroll            |       |    14 |     1 ||    15
       Potion            |       |     2 |     1 ||     3
 Stab: Paralysed         |       |       |     5 ||     5
Armor: Scale mail        |    52 |       |       ||    52
       Plate armour      |    53 |   110 |    76 ||   239
Dodge: Dodged            |    61 |    41 |    43 ||   145
Block: Buckler           |    24 |    22 |    27 ||    73
